 Dungeon Crawl Stone Soup version 0.26.1-2-gb8aa6d0cf2 (webtiles) character file.

Game seed: 6975891766861148098

74823 MalarOregon the Blocker (level 15, -6/103 HPs)
             Began as a Halfling Hunter on Mar 29, 2021.
             Was the Champion of Makhleb.
             Mangled by an orc warrior
             ... wielding a +0 halberd
             ... led by an orc warlord
              (26 damage)
             ... while paralysed by an orc sorcerer
             ... on level 1 of the Orcish Mines.
             The game lasted 00:55:24 (21929 turns).

MalarOregon the Blocker (Halfling Hunter)          Turns: 21929, Time: 00:55:25

Health: -6/103     AC: 30    Str: 26    XL:     15   Next: 95%
Magic:  22/22      EV:  3    Int: 10    God:    Makhleb [******]
Gold:   1298       SH:  0    Dex: 17    Spells: 14/14 levels left

rFire    . . .     SeeInvis .   a - +4 hand axe (drain)
rCold    . . .     Faith    .   l - +0 kite shield
rNeg     . . .     Spirit   .   M - +1 plate armour
rPois    +         Reflect  .   Q - +2 helmet {Int+3}
rElec    +         Harm     .   c - +2 cloak
rCorr    +         Rampage  .   C - +0 pair of gloves
Will     +....                  y - +0 pair of boots
Stlth    ..........             O - amulet "Loixu" {+Inv rPois Regen+ Str+5 Int-2}
HPRegen  0.67/turn              N - ring "Fen Qekk" {rElec rCorr Str+3}
MPRegen  0.18/turn              K - +4 ring of protection

@: paralysed
A: small, mutation resistance 1
a: Renounce Religion, Evoke Invisibility, Minor Destruction, Lesser Servant of
Makhleb, Major Destruction, Greater Servant of Makhleb


You were on level 1 of the Orcish Mines.
You worshipped Makhleb.
Makhleb was exalted by your worship.
You visited 3 branches of the dungeon, and saw 18 of its levels.
You also visited: Ice Cave.

You collected 1952 gold pieces.
You spent 654 gold pieces at shops.

Inventory:

Hand Weapons
 a - a +4 hand axe of draining (weapon)
   (You found it on level 2 of the Dungeon)
 b - a +2 flail of draining
   (You found it on level 6 of the Dungeon)
 E - a +0 whip of venom
   (You found it on level 5 of the Dungeon)
 P - a +0 hand axe of freezing
   (You took it off an orc on level 11 of the Dungeon)
Missiles
 e - 6 boomerangs
 A - 26 poisoned darts (quivered)
 B - 7 curare-tipped darts {!f}
 F - 3 throwing nets {!f}
Armour
 c - a +2 cloak (worn)
   (You took it off Maurice on level 8 of the Dungeon)
 l - a +0 kite shield (worn)
   (You found it on level 1 of the Dungeon)
 y - a +0 pair of boots (worn)
   (You found it on level 4 of the Dungeon)
 C - a +0 pair of gloves (worn)
   (You found it on level 5 of the Dungeon)
 M - a +1 plate armour (worn)
   (You took it off an orc warrior on level 7 of the Dungeon)
 Q - a +2 helmet of intelligence (worn)
   (You found it on level 1 of the Lair of Beasts)
 S - a scarf of resistance
   (You found it on level 1 of the Lair of Beasts)
Jewellery
 z - an uncursed ring of see invisible
   (You found it on level 2 of the Dungeon)
 D - an uncursed ring of ice
   (You found it on level 5 of the Dungeon)
 K - a +4 ring of protection (right hand)
   (You found it on level 11 of the Dungeon)
 N - the ring "Fen Qekk" (left hand) {rElec rCorr Str+3}
   (You found it on level 8 of the Dungeon)

   [ring of resist corrosion]

   It affects your strength (+3).
   It insulates you from electricity.
   It provides partial protection from all sources of acid and corrosion.
 O - the amulet "Loixu" (around neck) {+Inv rPois Regen+ Str+5 Int-2}
   (You bought it in a shop on level 7 of the Dungeon)

   [amulet of regeneration]

   It affects your strength (+5).
   It affects your intelligence (-2).
   It protects you from poison.
   It lets you turn invisible.
   It increases your rate of regeneration.
Wands
 d - a wand of iceblast (13)
   (You found it on level 6 of the Dungeon)
 t - a wand of flame (61)
   (You found it on level 9 of the Dungeon)
 v - a wand of digging (4)
   (You found it on level 10 of the Dungeon)
 x - a wand of acid (7)
   (You found it on level 6 of the Lair of Beasts)
 R - a wand of enslavement (9)
   (You found it on level 6 of the Lair of Beasts)
 W - a wand of polymorph (10)
   (You found it on level 6 of the Lair of Beasts)
Scrolls
 g - a scroll of enchant weapon
 j - 2 scrolls of identify {@r1}
 k - 9 scrolls of teleportation {@r4}
 m - 2 scrolls of remove curse {@r2}
 p - 2 scrolls of immolation {!r}
 q - a scroll of noise {!r}
 H - 4 scrolls of enchant armour
 I - 5 scrolls of amnesia
Potions
 f - 2 potions of might
 h - 5 potions of lignification {!q}
 i - 16 potions of curing {@q1}
 n - 3 potions of haste {@q3}
 o - 3 potions of resistance
 s - 3 potions of ambrosia
 u - 6 potions of attraction {!q}
 w - 3 potions of invisibility
 G - a potion of brilliance
 J - a potion of cancellation
 L - a potion of heal wounds {@q2}
 U - a potion of berserk rage
 Y - 6 potions of flight
Miscellaneous
 r - a box of beasts
   (You found it on level 4 of the Lair of Beasts)
 V - a tin of tremorstones (2/2)
   (You found it in an ice cave)


   Skills:
 + Level 10.1 Fighting
 - Level 0.1 Short Blades
 + Level 10.6 Axes
 - Level 0.7(6.2) Maces & Flails
 + Level 11.5 Throwing
 + Level 11.5 Armour
 - Level 2.1 Dodging
 - Level 10.0 Stealth
 + Level 11.6 Shields
 + Level 10.2 Invocations
 - Level 5.0 Evocations


You had 14 spell levels left.
You didn't know any spells.
Your spell library contained the following spells:

 Spells                   Type           Power        Failure   Level
 Corona                   Hex            0%           100%        1
 Foxfire                  Conj/Fire      0%           100%        1
 Freeze                   Ice            0%           100%        1
 Magic Dart               Conj           0%           100%        1
 Sandblast                Erth           0%           100%        1
 Blink                    Tloc           N/A          100%        2
 Call Imp                 Summ           0%           100%        2
 Passwall                 Tmut/Erth      0%           100%        2
 Slow                     Hex            0%           100%        2
 Conjure Flame            Conj/Fire      0%           100%        3
 Frozen Ramparts          Ice            0%           100%        3
 Inner Flame              Hex/Fire       0%           100%        3
 Mephitic Cloud           Conj/Pois/Air  0%           100%        3
 Ozocubu's Armour         Ice            0%           100%        3
 Portal Projectile        Hex/Tloc       0%           100%        3
 Stone Arrow              Conj/Erth      0%           100%        3
 Cause Fear               Hex            0%           100%        4
 Hailstorm                Conj/Ice       0%           100%        4
 Ice Form                 Ice/Tmut       0%           100%        4
 Leda's Liquefaction      Hex/Erth       0%           100%        4
 Petrify                  Tmut/Erth      0%           100%        4
 Sticky Flame             Conj/Fire      0%           100%        4
 Summon Ice Beast         Ice/Summ       0%           100%        4
 Fireball                 Conj/Fire      0%           100%        5
 Lee's Rapid Deconstruct  Erth           0%           100%        5
 Metabolic Englaciation   Hex/Ice        0%           100%        5
 Freezing Cloud           Conj/Ice/Air   0%           100%        6
 Ozocubu's Refrigeration  Ice            0%           100%        6
 Simulacrum               Ice/Necr       0%           100%        6


Dungeon Overview and Level Annotations

Branches:
Dungeon (11/15)            Temple (0/1) D:7            Lair (6/6) D:10
  Swamp (0/4) Lair:4        Snake (0/4) Lair:3        Slime (0/5) Lair:6
    Orc (1/2) D:11          IceCv (visited)

Altars:
Ashenzari
Cheibriados
Dithmenos
Fedhas
Makhleb
Okawaru
Trog
Vehumet
Yredelemnul
Zin
The Shining One
Jiyva

Shops:
D:7 =

Annotations:
D:3 2 transporters, aaeveom's ghost, amateur MiBe


Innate Abilities, Weirdness & Mutations

You are small and have problems with some larger weapons.
You are somewhat resistant to further mutation.


Message History

Your life force feels restored.
You slash the orc sorcerer!
Your shield prevents you from hitting the hellwing.
The orc priest no longer looks unusually strong.
The orc priest looks encouraged for a moment.
You hit the orc sorcerer but do no damage.
You completely miss the hellwing. You block the hellwing's attack.
The hellwing barely misses you.
The orc sorcerer hits you but does no damage.
You hit the orc sorcerer but do no damage.
You drain the orc sorcerer. You closely miss the hellwing.
The orc no longer looks unusually strong.
The orc warrior no longer looks unusually strong.
The hellwing hits you but does no damage.
You block the hellwing's attack.
You closely miss the orc sorcerer. You hit the hellwing but do no damage.
You block the hellwing's attack.
The hellwing hits you but does no damage.
The orc priest mumbles some strange prayers to Beogh against you.
Beogh smites you!
You hit the orc sorcerer but do no damage.
You hit the hellwing but do no damage.
The orc sorcerer points at you and mumbles some strange words.
You resist with some effort. You block the hellwing's attack.
The hellwing hits you but does no damage.
You slash the orc sorcerer! You drain the orc sorcerer.
You hit the hellwing but do no damage. You block the orc sorcerer's attack.
You block the hellwing's attack.
The hellwing hits you but does no damage.
You hit the orc sorcerer. You hit the hellwing but do no damage.
The orc priest no longer looks unusually strong.
The orc sorcerer gestures at you while chanting.
You suddenly lose the ability to move!
The hellwing hits you!
* * * LOW HITPOINT WARNING * * *
The hellwing hits you but does no damage.
The orc warrior hits you from afar with a +0 halberd.
* * * LOW HITPOINT WARNING * * *
The orc sorcerer hits you but does no damage.
The hellwing hits you but does no damage. x2
The orc sorcerer hits you but does no damage.
The orc warrior hits you but does no damage.
The orc sorcerer no longer looks unusually strong.
The hellwing hits you but does no damage. x2
The orc sorcerer casts a spell at you. The bolt of fire hits you!!
* * * LOW HITPOINT WARNING * * *
The orc sorcerer gestures wildly while chanting.
The orc warrior hits you from afar with a +0 halberd!!
You die...

..#.).....##...
...#..............
..........>......##
..................## ###
...................# ##..#
..................# #.....
.................####....
.........##....4##o#3#.###
.^..............@oooo....#..
.........##.....##oo).....#
.#........##..###ooo).....#
...........#...##.o§......#
..........###.##....§......#
##.#.....## ##[#............
#......... #...............
##...#...# ##....###....$..
.#...# .......


You could see a hellwing (summoned), a neqoxec (summoned), 2 orc sorcerers, 4
orc warriors, an orc priest and an orc.

Vanquished Creatures
  An orc warlord (Orc:1)
  2 dire elephants (Lair:6)
  10 hydras
  3 boulder beetles
  4 catoblepae
  A centaur warrior (D:11)
  2 two-headed ogres
  15 death yaks
  Urug (D:11)
  Sonja (Lair:5)
  An unseen horror (D:11)
  An orc knight (Orc:1)
  A lindwurm (Lair:6)
  2 manticores (Lair:6)
  2 ugly things (IceCv)
  2 oklob plants (Lair:4)
  A centaur zombie (D:10)
  Maurice (D:8)
  6 black mambas
  7 elephants (Lair:6)
  3 ice statues (IceCv)
  18 cane toads
  A torpor snail (Lair:4)
  A gargoyle (D:11)
  Maggie (D:8)
  5 rime drakes
  7 komodo dragons
  14 polar bears
  2 raiju (Lair:6)
  19 blink frogs
  6 dream sheep
  A wraith (D:11)
  8 wyverns
  32 yaks
  Grum (D:8)
  2 steam dragons
  4 basilisks
  7 wargs
  23 water moccasins
  Duvessa (D:7)
  15 hell hounds (Lair:6)
  8 ice beasts
  16 black bears
  3 sky beasts
  A phantom (D:9)
  13 orc warriors
  An ogre (D:9)
  2 centaurs
  22 wolves
  16 bullfrogs
  Dowan (D:7)
  6 scorpions
  19 killer bees
  5 wights (D:9)
  2 howler monkeys (D:7)
  2 electric eels (Lair:4)
  A bullfrog zombie (D:5)
  2 quasits
  7 hounds
  2 bullfrog skeletons
  2 jellies (D:5)
  3 centaur skeletons
  15 orc priests
  15 orc wizards
  Terence (D:3)
  4 iguanas
  A hell rat (Lair:6)
  11 worker ants
  A killer bee zombie (D:10)
  A hound skeleton (D:7)
  A worker ant zombie (D:5)
  12 adders
  4 gnolls (D:7)
  A shadow imp (D:8)
  4 white imps
  2 ufetubi
  An adder skeleton (D:9)
  3 worms
  A dart slug (D:4)
  7 leopard geckos
  59 orcs
  5 bats
  3 giant cockroaches
  2 goblins
  10 hobgoblins
  7 jackals
  2 quokkas
  A ball python (D:5)
  3 frilled lizards
  9 kobolds
  7 rats
562 creatures vanquished.

Vanquished Creatures (others)
  21 fungi
  32 plants
  2 withered plants (D:8)
55 creatures vanquished.

Grand Total: 617 creatures vanquished

Notes
Turn   | Place    | Note
-------+----------+-------------------------------------------
     0 | D:1      | MalarOregon the Halfling Hunter began the quest for the
                  | Orb.
     0 | D:1      | Reached XP level 1. HP: 14/14 MP: 1/1
   103 | D:1      | Reached XP level 2. HP: 7/19 MP: 2/2
   882 | D:1      | Reached skill level 1 in Armour
   884 | D:1      | Reached XP level 3. HP: 14/24 MP: 3/3
  1604 | D:2      | Reached XP level 4. HP: 20/29 MP: 4/4
  2282 | D:3      | Found a transporter.
  2327 | D:3      | Found a broken altar of Ashenzari.
  2369 | D:3      | Reached skill level 1 in Shields
  2610 | D:3      | Found a transporter.
  2611 | D:3      | Noticed aaeveom's ghost (amateur MiBe)
  2780 | D:3      | Noticed Terence
  2792 | D:3      | Killed Terence
  2793 | D:3      | Reached XP level 5. HP: 27/35 MP: 5/5
  3088 | D:3      | Found a shadowy altar of Dithmenos.
  3444 | D:4      | Reached skill level 1 in Axes
  3473 | D:4      | Reached XP level 6. HP: 30/41 MP: 6/6
  3575 | D:4      | Found a burning altar of Makhleb.
  3628 | D:4      | Became a worshipper of Makhleb the Destroyer
  3857 | D:4      | Found a bloodstained altar of Trog.
  4276 | D:3      | Found a snail-covered altar of Cheibriados.
  4340 | D:5      | Entered Level 5 of the Dungeon
  4375 | D:5      | Reached XP level 7. HP: 39/46 MP: 7/7
  4402 | D:5      | Reached skill level 5 in Throwing
  4764 | D:5      | Reached * piety under Makhleb
  5271 | D:6      | Found a radiant altar of Vehumet.
  5280 | D:6      | Found a glowing golden altar of the Shining One.
  5440 | D:6      | Reached XP level 8. HP: 46/53 MP: 8/8
  5893 | D:6      | Found an iron altar of Okawaru.
  5894 | D:6      | Found a glowing silver altar of Zin.
  6538 | D:7      | Reached skill level 5 in Stealth
  6850 | D:7      | Noticed Duvessa
  6855 | D:7      | Killed Duvessa
  6856 | D:7      | Reached XP level 9. HP: 58/58 MP: 9/9
  6861 | D:7      | Noticed Dowan
  6873 | D:7      | Killed Dowan
  6966 | D:7      | Found a staircase to the Ecumenical Temple.
  7104 | D:7      | Reached ** piety under Makhleb
  7244 | D:7      | Found a snail-covered altar of Cheibriados.
  7261 | D:7      | Found Yzuzil's Jewellery Emporium.
  7743 | D:7      | Reached skill level 5 in Armour
  8153 | D:8      | Reached skill level 5 in Shields
  8312 | D:8      | Noticed Grum
  8363 | D:8      | Killed Grum
  8364 | D:8      | Reached skill level 5 in Fighting
  8593 | D:8      | Reached XP level 10. HP: 66/66 MP: 10/10
  8638 | D:8      | Reached skill level 1 in Invocations
  8647 | D:8      | Reached skill level 5 in Axes
  8647 | D:8      | Reached skill level 1 in Evocations
  8735 | D:8      | Noticed Maggie
  8772 | D:8      | Killed Maggie
  9079 | D:8      | Found a basalt altar of Yredelemnul.
  9079 | D:8      | Noticed Maurice
  9094 | D:8      | Killed Maurice
  9105 | D:8      | Reached *** piety under Makhleb
  9288 | D:8      | Got a coiled turquoise ring
  9303 | D:8      | Identified the ring "Fen Qekk" {rElec rCorr Str+3} (You
                  | found it on level 8 of the Dungeon)
  9526 | D:9      | Noticed a two-headed ogre
  9588 | D:8      | Killed a two-headed ogre
  9943 | D:9      | Reached XP level 11. HP: 72/72 MP: 13/13
 10124 | D:9      | Reached **** piety under Makhleb
 10201 | D:9      | Got a scorched scale mail
 10349 | D:10     | Entered Level 10 of the Dungeon
 10658 | D:10     | Found a staircase to the Lair.
 11489 | D:10     | Identified the +1 scale mail "Fyf Lala" {Will+ rCorr} (You
                  | found it on level 9 of the Dungeon)
 11585 | D:7      | Bought the amulet "Loixu" {+Inv rPois Regen+ Str+5 Int-2}
                  | for 654 gold pieces
 11685 | Lair:1   | Entered Level 1 of the Lair of Beasts
 11685 | Lair:1   | Noticed a seven-headed hydra
 11709 | D:10     | Killed a seven-headed hydra
 12300 | Lair:1   | Noticed a six-headed hydra
 12315 | Lair:1   | Killed a six-headed hydra
 12315 | Lair:1   | Noticed a seven-headed hydra
 12319 | Lair:1   | Noticed an eight-headed hydra
 12702 | D:11     | Killed an unseen horror
 12703 | D:11     | Reached XP level 12. HP: 75/80 MP: 15/15
 12770 | D:11     | Reached ***** piety under Makhleb
 12828 | D:11     | Noticed a centaur warrior
 12839 | D:11     | Killed a centaur warrior
 12840 | D:11     | Reached skill level 5 in Invocations
 12939 | D:11     | Noticed Urug
 12950 | D:11     | Killed Urug
 12972 | D:11     | Noticed a two-headed ogre
 12986 | D:11     | Killed a two-headed ogre
 12987 | D:11     | Reached skill level 5 in Evocations
 13489 | D:11     | Found a staircase to the Orcish Mines.
 13608 | D:10     | Found a staircase to the Lair.
 13741 | D:10     | Killed an eight-headed hydra
 14193 | D:10     | Killed a seven-headed hydra
 14823 | Lair:1   | Noticed a four-headed hydra
 14843 | Lair:1   | Killed a four-headed hydra
 14844 | Lair:1   | Reached XP level 13. HP: 75/86 MP: 17/17
 14995 | Lair:2   | Noticed a four-headed hydra
 14995 | Lair:2   | Noticed an eight-headed hydra
 15008 | Lair:1   | Killed a four-headed hydra
 15228 | D:10     | Killed an eight-headed hydra
 15666 | Lair:2   | Reached skill level 10 in Stealth
 16003 | Lair:2   | Found a blossoming altar of Fedhas.
 16490 | Lair:3   | Found a frozen archway.
 16494 | Lair:3   | Noticed a catoblepas
 16533 | Lair:3   | You fall into a shaft and drop 3 floors!
 16533 | Lair:6   | Entered Level 6 of the Lair of Beasts
 16692 | Lair:3   | Killed a catoblepas
 16730 | IceCv    | Entered an ice cave
 16791 | IceCv    | Got a transparent brass amulet
 17010 | IceCv    | Got an ichor-stained chain mail
 17029 | IceCv    | Identified the +7 chain mail "Ilutudef" {Harm rN+++ MP-9
                  | Str+3} (You found it in an ice cave)
 17225 | Lair:3   | Noticed a boulder beetle
 17239 | Lair:3   | Killed a boulder beetle
 17240 | Lair:3   | Reached XP level 14. HP: 54/93 MP: 19/19
 17344 | Lair:3   | Found a staircase to the Snake Pit.
 17389 | Lair:3   | Reached ****** piety under Makhleb
 17390 | Lair:3   | Reached skill level 10 in Throwing
 17742 | Lair:3   | Identified the amulet "Qojiopon" {Acrobat *Drain +Fly
                  | rElec} (You found it in an ice cave)
 17834 | Lair:4   | Found a staircase to the Swamp.
 17970 | Lair:4   | Reached skill level 10 in Armour
 17970 | Lair:4   | Reached skill level 10 in Shields
 19076 | Lair:5   | Noticed Sonja
 19083 | Lair:5   | Killed Sonja
 19877 | Lair:5   | Reached XP level 15. HP: 80/101 MP: 21/21
 20215 | Lair:6   | Reached skill level 10 in Axes
 20809 | Lair:6   | Found a staircase to the Slime Pits.
 20811 | Lair:6   | Found a viscous altar of Jiyva.
 21194 | Lair:6   | Reached skill level 10 in Invocations
 21250 | Lair:6   | Reached skill level 10 in Fighting
 21741 | Orc:1    | Entered Level 1 of the Orcish Mines
 21861 | Orc:1    | Noticed an orc warlord
 21918 | Orc:1    | Killed an orc warlord
 21925 | Orc:1    | Paralysed by an orc sorcerer for 5 turns
 21929 | Orc:1    | Mangled by an orc warrior

Illustrated notes

Levels and vault maps discovered:
D:1:      minmay_arrival_diagonal_passages, layout_loops_ring
D:2:      layout_basic
D:3:      layout_loops_ring, lemuel_doored_altar,
          nicolae_overflow_hidden_temple, gammafunk_ghost_mausoleum,
          uniq_terence
D:4:      layout_loops_cross, lightli_temple_of_fire, st_stairs_13,
          hangedman_glass_teeth, makhleb_heckhound_becter
D:5:      layout_rooms
D:6:      layout_basic, fiery_altar_vehumet, old_standard_altar,
          chequers_temple_overflow_statue_of_worship
D:7:      layout_loops_corners, minmay_temple_entry_wispy, basic_altar,
          serial_shops, shop, uniq_duvessa
D:8:      layout_loops_ring, yredelemnul_altar_generic, uniq_grum, uniq_maggie,
          uniq_maurice
D:9:      layout_roguey
D:10:     layout_irregular_city, erik_lair_orcish_takeover
D:11:     layout_loops_ring, david_orc_4, uniq_urug
Lair:1:   layout_gridlike, minmay_shattered_shrine, grunt_megastairs_5
Lair:2:   layout_layer_cave, basic_altar, beast_lair_carwin_11
Lair:3:   layout_misc_corridors, dummy_snake_entry,
          portal_ice_cave_entry_pillars_2
Lair:4:   layout_gridlike, minmay_swamp_entry_eels, minmay_lair_oklob_chamber,
          infiniplex_staircase_pool_2
Lair:5:   layout_hall_layers, uniq_sonja
Lair:6:   hangedman_lair_in_review, layout_regular_city,
          hangedman_lair_caniforms_friends, slime_altar_1, serial_forest,
          infiniplex_forest_clump_diagonal, infiniplex_forest_straight_4,
          infiniplex_forest_clump_curved, infiniplex_forest_clump_double,
          infiniplex_forest_pool
Orc:1:    minmay_goldmine, layout_caves

Skill      XL: |  1  2  3  4  5  6  7  8  9 10 11 12 13 14 15 |
---------------+----------------------------------------------+-----
Fighting       | 2 3 4 5 6 7 8 9 10 | 10.1
Armour         | 1 2 3 4 5 6 7 8 9 10 11 | 11.5
Stealth        | 2 3 4 5 6 7 8 9 10 | 10.0
Shields        | 1 2 3 4 5 6 7 8 9 10 11 | 11.6
Axes           | 1 2 3 4 5 6 7 8 9 10 | 10.6
Throwing       | 5 6 7 8 9 10 11 | 11.5
Invocations    | 3 4 6 7 9 10 | 10.2
Evocations     | 2 4 5 |  5.0
Short Blades   | |  0.1
Maces & Flails | |  0.7
Dodging        | |  2.1

Action                   |  1- 3 |  4- 6 |  7- 9 | 10-12 | 13-15 || total
-------------------------+-------+-------+-------+-------+-------++-------
Melee: Short sword       |    30 |       |       |       |       ||    30
       Mace              |    50 |       |       |       |       ||    50
       Hand axe          |       |    59 |   218 |   635 |  1548 ||  2460
       Whip              |       |       |     7 |       |       ||     7
       Flail             |       |       |       |    64 |    71 ||   135
Throw: Boomerang         |    31 |    22 |    77 |       |       ||   130
       Dart              |       |    32 |    54 |    76 |    20 ||   182
Invok: Minor Destruction |       |       |     7 |    17 |     2 ||    26
 Abil: Evoke Invisibilit |       |       |       |       |     1 ||     1
Evoke: Wand              |       |       |       |     8 |     7 ||    15
       Tin of tremorston |       |       |       |       |     2 ||     2
  Use: Scroll            |       |       |     9 |    10 |    18 ||    37
       Potion            |       |       |       |       |     5 ||     5
 Stab: Sleeping          |     2 |     3 |     2 |       |       ||     7
       Distracted        |       |     1 |       |       |       ||     1
       Invisible         |       |       |       |       |     7 ||     7
       Petrified         |       |       |       |       |    19 ||    19
       Petrifying        |       |       |       |       |     1 ||     1
Armor: Leather armour    |    24 |    14 |    20 |       |       ||    58
       Plate armour      |       |       |    35 |   474 |   892 ||  1401
Dodge: Dodged            |    61 |    27 |   154 |   392 |   543 ||  1177
Block: Kite shield       |    24 |    28 |   144 |   586 |  1115 ||  1897
       Reflection        |       |       |       |     3 |       ||     3
